 Dungeon Crawl Stone Soup version 0.29.1-15-g9cfb28693d (webtiles) character file.

Game seed: 1340488705506257673

77 Jinky the Shooter (level 4, 34/34 HPs)
             Began as a Human Hunter on Mar 11, 2023.
             Was a Believer of Makhleb.
             Quit the game on level 4 of the Dungeon.
             The game lasted 00:08:38 (1662 turns).

Jinky the Shooter (Human Hunter)                    Turns: 1662, Time: 00:08:38

Health: 34/34      AC:  5    Str: 10 (12) XL:     4   Next: 58%
Magic:  13/13      EV: 10    Int: 14 (17) God:    Makhleb [**....]
Gold:   60         SH:  0    Dex: 14 (16) Spells: 2/3 levels left

rFire   . . .      SeeInvis .   a - +0 shortbow
rCold   . . .      Faith    .   (shield currently unavailable)
rNeg    . . .      Spirit   .   f - +0 ring mail
rPois   .          Reflect  .   (no helmet)
rElec   .          Harm     .   (no cloak)
rCorr   .          Rampage  .   (no gloves)
Will    .....                   (no boots)
Stlth   +.........              (no amulet)
HPRegen 0.11/turn               e - +6 ring of intelligence
MPRegen 0.13/turn               j - ring of magical power

@: no status effects
A: no striking features
a: Renounce Religion, Minor Destruction


You were on level 4 of the Dungeon.
You worshipped Makhleb.
Makhleb was pleased with you.
You visited 1 branch of the dungeon, and saw 4 of its levels.

You collected 60 gold pieces.

Inventory:

Hand Weapons
 a - a +0 shortbow (weapon)
 g - a +2 vorpal mace
Armour
 c - a +0 leather armour
 f - a +0 ring mail (worn)
Jewellery
 e - a +6 ring of intelligence (left hand)
 j - a ring of magical power (right hand)
Scrolls
 b - a scroll of immolation
 d - a scroll of amnesia
 h - a scroll of identify
 i - a scroll of teleportation
Potions
 k - a potion of ambrosia
 l - a potion of curing {unknown}
 m - a potion of resistance {unknown}


   Skills:
 * Level 2.3 Fighting
 * Level 0.3 Maces & Flails
 * Level 4.7 Ranged Weapons
 * Level 1.0 Armour
 * Level 2.2 Dodging
 * Level 1.3 Stealth
 * Level 0.4 Spellcasting
 * Level 0.6 Ice Magic
 * Level 1.1 Invocations


You had 2 spell levels left.
You knew the following spells:

 Your Spells              Type           Power      Damage    Failure   Level
a - Freeze                Ice            8%         1d3       47%         1

Your spell library contained the following spells:

 Spells                   Type           Power      Damage    Failure   Level
 Sandblast                Erth           0%         2d4       56%         1
 Passwall                 Tmut/Erth      0%         N/A       71%         2
 Frozen Ramparts          Ice            4%         1d1       85%         3
 Stone Arrow              Conj/Erth      0%         3d7       91%         3
 Hailstorm                Conj/Ice       1%         3d3       99%         4


Dungeon Overview and Level Annotations

Branches:
Dungeon (3/15)

Altars:
Fedhas
Makhleb


Message History

Found a robe.
You see here a +0 robe.
A kobold comes into view. It is wielding a +0 club.
The kobold shouts!
Found a blossoming altar of Fedhas.
Fire: a) +0 shortbow
Press: ? - help, Q - select action, (/) - cycle Shift-Dir - straight line, f - kobold
Aim: a kobold, wielding a +0 club (55% to hit)
You shoot an arrow. The arrow hits the kobold.
The kobold is severely wounded.
Unknown command.
Casting: Freeze (safe; 50% risk of failure)
Confirm with . or Enter, or press ? or * to list all spells.
Aiming: Freeze (safe; 50% risk of failure)
Press: ? - help, Shift-Dir - straight line, f/p - kobold
Aim: a kobold, wielding a +0 club (severely wounded)
You miscast Freeze.
You are very lightly contaminated with residual magic.
Nothing appears to happen.
The kobold hits you but does no damage.
Unknown command.
Casting: Freeze (safe; 50% risk of failure)
Confirm with . or Enter, or press ? or * to list all spells.
Aiming: Freeze (safe; 50% risk of failure)
Press: ? - help, Shift-Dir - straight line, f/p - kobold
Aim: a kobold, wielding a +0 club (severely wounded)
You freeze the kobold.
You kill the kobold!
Makhleb accepts your kill.
Unknown command.
Things that are here:
a +0 club; a kobold corpse
Found a smoky ruby potion.
Found a small coral ring.
Found a stone staircase leading up.
Your magical contamination has completely faded away.
Found a rapier.
m - a smoky ruby potion A sourceless malevolence fills the Dungeon...
You fall into a shaft and drop 1 floor!
The shaft crumbles and collapses.
Are you sure you want to abandon this character and quit the game? (Confirm with "yes".)

#######
#.....#
#.....#
#.@...#
#.....#
#.....#
#.....#
#.......
#......##
#........
#......##.
#.##...#


There were no monsters in sight!

Vanquished Creatures
  3 adders (D:2)
  A worm (D:2)
  2 dart slugs (D:1)
  7 ball pythons
  4 bats
  4 endoplasms
  2 giant cockroaches (D:1)
  6 goblins (D:1)
  2 hobgoblins
  2 quokkas
  2 frilled lizards
  A kobold (D:3)
  2 rats (D:1)
38 creatures vanquished.

Notes
Turn   | Place    | Note
-------+----------+-------------------------------------------
     0 | D:1      | Jinky the Human Hunter began the quest for the Orb.
     0 | D:1      | Reached XP level 1. HP: 16/16 MP: 1/1
    35 | D:1      | Found a faded altar of an unknown god.
    55 | D:1      | Prayed at the altar of an unknown god.
    55 | D:1      | Became a worshipper of Makhleb the Destroyer
    55 | D:1      | Reached * piety under Makhleb
   104 | D:1      | Reached XP level 2. HP: 22/22 MP: 2/2
   179 | D:1      | Learned a level 1 spell: Freeze
   305 | D:1      | Reached XP level 3. HP: 17/27 MP: 3/3
   891 | D:2      | Reached skill level 1 in Invocations
   908 | D:2      | Reached XP level 4. HP: 3/33 MP: 0/4
  1184 | D:2      | Reached ** piety under Makhleb
  1444 | D:2      | Reached skill level 1 in Armour
  1641 | D:3      | Found a blossoming altar of Fedhas.
  1660 | D:3      | You fall into a shaft and drop 1 floor!
  1662 | D:4      | Quit the game

Illustrated notes

Levels and vault maps discovered:
D:1:      amcnicky_arrival_underground_garden, layout_basic,
          chequers_ecumenical_altar_simple_redux
D:2:      layout_rooms
D:3:      layout_basic, nicolae_overflow_squiral, bloody_makhleb,
          chequers_temple_overflow_statue_of_worship, serial_shops,
          nicolae_shop_hallway_stairs, gammafunk_ghost_cemetery
D:4:      layout_basic, minmay_temple_entry_arrows, uniq_robin,
          uniq_blork_the_orc, uniq_sigmund

Skill      XL: |  1  2  3  4 |
---------------+-------------+-----
Invocations    | 1 |  1.1
Armour         | 1 |  1.0
Fighting       | |  2.3
Maces & Flails | |  0.3
Ranged Weapons | |  4.7
Dodging        | |  2.2
Stealth        | |  1.3
Spellcasting   | |  0.4
Ice Magic      | |  0.6

Action                   |  1- 3 |  4- 6 || total
-------------------------+-------+-------++-------
Melee: Mace              |    16 |    15 ||    31
 Fire: Shortbow          |    63 |    15 ||    78
 Cast: Freeze            |     4 |     9 ||    13
  Use: Scroll            |     2 |     1 ||     3
       Potion            |     1 |     1 ||     2
Armor: Ring mail         |    51 |    12 ||    63
Dodge: Dodged            |    67 |    23 ||    90
